 Dungeon Crawl Stone Soup version 0.31.0-9-g3a7656b989 (webtiles) character file.

Game seed: 616036349217393716

132 qw the Shooter (level 4, 0/23 HPs)
             Began as a Spriggan Hunter on Feb 2, 2024.
             Slain by an iguana (7 damage)
             ... on level 4 of the Dungeon.
             The game lasted 00:00:09 (2204 turns).

qw the Shooter (Spriggan Hunter)                    Turns: 2204, Time: 00:00:09

Health: 0/23       AC:  2    Str:  7    XL:     4   Next: 92%
Magic:  5/5        EV: 20    Int: 10    God:
Gold:   156        SH:  0    Dex: 20    Spells: 3/3 levels left

rFire   . . .        a - +0 shortbow
rCold   . . .        (shield currently unavailable)
rNeg    . . .        c - +0 robe
rPois   .            (helmet restricted)
rElec   .            (no cloak)
rCorr   .            (gloves unavailable)
SInv    +            (boots unavailable)
Will    .....        (no amulet)
Stlth   ++           (no ring)
HPRegen 0.23/turn    (no ring)
MPRegen 0.09/turn

%: no passive effects
@: lethally poisoned (0 -> -2), very quick
A: very small, no large weapons, unfitting armour, see invisible, speed 3
a: no special abilities


You were on level 4 of the Dungeon.
You visited 1 branch of the dungeon, and saw 4 of its levels.

You collected 156 gold pieces.


Innate Abilities, Weirdness & Mutations

You are very small and have problems with some larger weapons.
You are too small for most types of armour.
You have supernaturally acute eyesight. (SInv)
You cover ground extremely quickly. (Speed+++)


   Skills:
 - Level 2.0 Fighting
 + Level 5.1 Ranged Weapons
 - Level 5.0 Dodging
 - Level 1.5 Stealth


You had 3 spell levels left.
You didn't know any spells.
Your spell library was empty.

Inventory:

Hand Weapons
 a - a +0 shortbow (weapon)
Armour
 c - a +0 robe (worn)
Jewellery
 h - a ring of ice
Potions
 d - a potion of ambrosia {unknown}
 e - a potion of enlightenment {unknown}
 g - a potion of curing {unknown}
 i - a potion of resistance {unknown}

Dungeon Overview and Level Annotations

Branches:
Dungeon (4/15)
 Temple: D:4-7

Altars:

Shops:
D:2 [


Message History

2198 ||| DRINKING potion of heal wounds.
You feel much better.
You feel sick.
You are no longer poisoned.
The giant cockroach misses you. The adder barely misses you.
The goblin hits you but does no damage. The iguana closely misses you.
The hobgoblin misses you.
You shoot an arrow. The arrow hits the iguana.
The iguana is lightly wounded.
The giant cockroach misses you. The adder completely misses you.
The hobgoblin hits you. The iguana bites you. The goblin barely misses you.
You shoot an arrow. The arrow hits the iguana!
The iguana is heavily wounded.
The giant cockroach barely misses you. The adder bites you but does no damage.
The adder barely misses you. The iguana misses you. The hobgoblin misses you.
The goblin barely misses you.
The giant cockroach bites you but does no damage.
You shoot an arrow.
The arrow hits the iguana but does no damage.
The iguana is heavily wounded.
The adder bites you.
The giant cockroach bites you but does no damage.
The hobgoblin completely misses you. The iguana misses you.
The goblin closely misses you.
You shoot an arrow. The arrow barely misses the iguana.
The adder bites you.
You are poisoned.
The adder poisons you!
The giant cockroach completely misses you.
The iguana barely misses you. The hobgoblin closely misses you.
The goblin misses you. The adder closely misses you.
The giant cockroach misses you.
You shoot an arrow. The arrow barely misses the iguana.
You feel sick. The adder bites you but does no damage. The iguana misses you.
The hobgoblin completely misses you. The goblin hits you with a +0 dagger.
The giant cockroach closely misses you. The adder misses you.
You shoot an arrow. The arrow hits the iguana.
The iguana is severely wounded.
You feel sick. The giant cockroach barely misses you. The iguana bites you!
You die...

## #. #
#.###.#
##...#.#
##8...8.#
##..lSg..#
#....@B..#
#.....g..#
#....8...#
##.#...#.#
#.........
#######.###
. #


You could see an iguana, an adder, a giant cockroach, a hobgoblin and a goblin.

Vanquished Creatures
  4 gnolls
  An adder (D:2)
  2 dart slugs
  2 ribbon worms
  4 orcs (D:3)
  4 ball pythons
  8 bats
  5 endoplasms
  4 giant cockroaches
  7 goblins
  6 hobgoblins
  6 jackals
  2 quokkas
  2 frilled lizards (D:1)
  4 kobolds
  5 rats
66 creatures vanquished.

Notes
Turn   | Place    | Note
-------+----------+-------------------------------------------
     0 | D:1      | qw the Spriggan Hunter began the quest for the Orb.
     0 | D:1      | Reached XP level 1. HP: 10/10 MP: 2/2
     0 | D:1      | 0 ||| qw: Version: 0.3-a-155-g5e7d8dd
     0 | D:1      | 0 ||| qw: Game counter: 1344
     0 | D:1      | 0 ||| qw: Melee chars always use a shield: true
     0 | D:1      | 0 ||| qw: God list: Okawaru
     0 | D:1      | 0 ||| qw: Allow faded altars: false
     0 | D:1      | 0 ||| qw: Do Orc after clearing Dungeon:15 true
     0 | D:1      | 0 ||| qw: Do second Lair branch before Depths: true
     0 | D:1      | 0 ||| qw: Lair rune preference: random
     0 | D:1      | 0 ||| qw: Goals: Normal
     0 | D:1      | 0 ||| PLANNING D:1-11
    23 | D:1      | Reached skill level 3 in Dodging
    24 | D:1      | Reached XP level 2. HP: 14/14 MP: 3/3
   253 | D:1      | Reached XP level 3. HP: 18/18 MP: 4/4
   508 | D:1      | 508 ||| DROPPING scarf of harm.
   509 | D:1      | 509 ||| DROPPING ring of flight.
   510 | D:1      | 510 ||| DROPPING scroll of butterflies.
   523 | D:2      | 523 ||| STAIRDANCE
   567 | D:2      | 567 ||| STAIRDANCE
   597 | D:2      | 597 ||| STAIRDANCE
   862 | D:2      | Found Yroisch's Antique Armour Boutique.
   877 | D:2      | 877 ||| SHOPLISTING runed scarf (184 gold, have 61).
  1056 | D:2      | Reached XP level 4. HP: 22/22 MP: 5/5
  1256 | D:2      | 1256 ||| READING scroll labelled KIOMMI GOEMN.
  1256 | D:2      | 1256 ||| IDENTIFYING bubbling amethyst potion
  1257 | D:2      | 1257 ||| READING 3 scrolls labelled FOCIALINIB.
  1258 | D:2      | 1258 ||| DROPPING 2 scrolls of noise.
  2141 | D:3      | 2141 ||| READING 2 scrolls labelled YTOUSTR DATOSI.
  2142 | D:3      | 2142 ||| READING scroll labelled FESMOR OXKEEDI.
  2143 | D:3      | 2143 ||| DROPPING scroll of revelation.
  2172 | D:4      | 2172 ||| STAIRDANCE
  2197 | D:4      | HP: 5/23 [adder (1)]
  2197 | D:4      | HP: 2/23 [goblin/+0 dagger (3)]
  2198 | D:4      | 2198 ||| DRINKING potion of heal wounds.
  2204 | D:4      | Slain by an iguana

Levels and vault maps discovered:
D:1:      amcnicky_arrival_feature_with_door, layout_rooms, feat_on_display
D:2:      layout_loops_ring, serial_shops, nicolae_diamond_shop,
          minmay_tromino_i2
D:3:      layout_loops_corners, grunt_decor_junction
D:4:      cheibrodos_old_hovel, layout_loops_ring, tgw_kikubaaqudgha,
          grunt_ministairs_1, kennysheep_cross_bottleneck, st_stairs_10

Skill      XL: |  1  2  3  4 |
---------------+-------------+-----
Dodging        | 4 5 |  5.0
Ranged Weapons | 5 |  5.1
Fighting       | 2 |  2.0
Stealth        | |  1.5

Action                     |  1- 3 |  4- 6 || total
---------------------------+-------+-------++-------
   Fire: Shortbow          |   121 |    84 ||   205
    Use: Scroll            |       |     4 ||     4
         Potion            |       |     1 ||     1
 Armour: Robe              |    14 |    21 ||    35
  Dodge: Dodged            |    46 |    71 ||   117

Table legend:
 A = Non-vault XP
 B = Vault XP
 C = Vault XP percentage of total XP
 D = Non-vault monster count
 E = Vault monster count
 F = Vault count percentage of total count
                 A         B        C        D         E       F
            +---------+---------+-------+---------+---------+-------
      Total |     184 |       5 |   2.6 |      64 |       2 |   3.0
            +---------+---------+-------+---------+---------+-------
        D:1 |      57 |       0 |   0.0 |      25 |       0 |   0.0
        D:2 |      89 |       2 |   2.2 |      21 |       1 |   4.5
        D:3 |      38 |       3 |   7.3 |      18 |       1 |   5.3
            +---------+---------+-------+---------+---------+-------
